 Dungeon Crawl Stone Soup version 0.31.0-11-ge490571c62 (webtiles) character file.

Game seed: 2705354436952438227

46 qw the Shooter (level 3, -3/20 HPs)
             Began as a Deep Elf Hunter on Feb 4, 2024.
             Slain by a gnoll
             ... wielding a +0 flail
              (7 damage)
             ... on level 2 of the Dungeon.
             The game lasted 00:00:03 (691 turns).

qw the Shooter (Deep Elf Hunter)                     Turns: 691, Time: 00:00:04

Health: -3/20      AC:  5    Str: 10    XL:     3   Next: 46%
Magic:  5/5        EV: 11    Int: 13    God:
Gold:   21         SH:  0    Dex: 18    Spells: 2/2 levels left

rFire   . . .        a - +0 shortbow
rCold   . . .        (shield currently unavailable)
rNeg    . . .        d - +0 ring mail
rPois   .            (no helmet)
rElec   .            (no cloak)
rCorr   .            (no gloves)
SInv    .            (no boots)
Will    .....        (no amulet)
Stlth   +            (no ring)
HPRegen 0.23/turn    (no ring)
MPRegen 0.09/turn

%: no passive effects
@: no status effects
A: no striking features
a: no special abilities


You were on level 2 of the Dungeon.
You visited 1 branch of the dungeon, and saw 2 of its levels.

You collected 21 gold pieces.


   Skills:
 - Level 1.5 Fighting
 + Level 7.0 Ranged Weapons
 - Level 2.4 Dodging
 - Level 1.2 Stealth


You had 2 spell levels left.
You didn't know any spells.
Your spell library was empty.

Inventory:

Hand Weapons
 a - a +0 shortbow (weapon)
Armour
 d - a +0 ring mail (worn)
Potions
 f - a potion of haste

Dungeon Overview and Level Annotations

Branches:
Dungeon (2/15)

Altars:


Message History

645 ||| READING scroll labelled YCEDDUEDEVO.
As you read the scroll labelled YCEDDUEDEVO, it crumbles to dust.
It is a scroll of identify.
645 ||| IDENTIFYING emerald potion;
f - a potion of haste Done exploring.
646 ||| DROPPING scroll of butterflies.
You drop a scroll of butterflies.
Done exploring.
What level of the Dungeon? (default 1, ? - help)
There is a stone staircase leading down here.
You climb downwards.
The gnoll shouts!
There is a stone staircase leading up here.
There are monsters nearby!
Waypoint 1 assigned to D:2.
683 ||| RETREEEEATING.
The gnoll shouts!
The kobold shouts!
684 ||| RETREEEEATING.
The ball python bites you. The ball python barely misses you.
685 ||| RETREEEEATING.
686 ||| RETREEEEATING.
An endoplasm comes into view.
687 ||| RETREEEEATING.
The ball python barely misses you. The ball python grabs you.
The ball python constricts you.
688 ||| RETREEEEATING.
The ball python's grasp on you weakens, but your attempt to escape fails.
The ball python bites you but does no damage.
The ball python constricts you.
689 ||| RETREEEEATING.
You escape the ball python's grasp.
The gnoll hits you with a +0 flail.
You shoot an arrow.
The arrow hits the gnoll but does no damage.
The gnoll closely misses you. The gnoll barely misses you.
The gnoll hits you with a +0 flail of protection.
The gnoll barely misses you.
The gnoll hits you from afar with a +0 spear.
You shoot an arrow. The arrow hits the gnoll.
The gnoll is lightly wounded.
The gnoll hits you with a +0 flail of protection.
The gnoll hits you with a +0 flail!
You die...

##### #...# #...#
#...######
#.....Sg@#
#.....Kgg#
######......gw#
#......<......J..
#.................
#..............^...
#..................
+..................
#................


You could see 4 gnolls, a dart slug, an endoplasm, a ball python and a kobold.

Vanquished Creatures
  A gnoll (D:1)
  3 dart slugs (D:1)
  3 ball pythons (D:1)
  3 endoplasms (D:1)
  A giant cockroach (D:1)
  2 goblins (D:1)
  3 hobgoblins (D:1)
  4 jackals (D:1)
  2 quokkas (D:1)
  A bat (D:1)
  3 frilled lizards (D:1)
  2 kobolds (D:1)
  A rat (D:1)
29 creatures vanquished.

Notes
Turn   | Place    | Note
-------+----------+-------------------------------------------
     0 | D:1      | qw the Deep Elf Hunter began the quest for the Orb.
     0 | D:1      | Reached XP level 1. HP: 12/12 MP: 3/3
     0 | D:1      | 0 ||| qw: Version: 0.3-a-160-g6735b56
     0 | D:1      | 0 ||| qw: Game counter: 4337
     0 | D:1      | 0 ||| qw: Melee chars always use a shield: true
     0 | D:1      | 0 ||| qw: God list: Okawaru
     0 | D:1      | 0 ||| qw: Allow faded altars: false
     0 | D:1      | 0 ||| qw: Do Orc after clearing Dungeon:15 true
     0 | D:1      | 0 ||| qw: Do second Lair branch before Depths: true
     0 | D:1      | 0 ||| qw: Lair rune preference: random
     0 | D:1      | 0 ||| qw: Goals: Normal
     0 | D:1      | 0 ||| PLANNING D:1-11
     2 | D:1      | Noticed an armataur
     4 | D:1      | Noticed a tengu
     4 | D:1      | Noticed a vampire
     6 | D:1      | Noticed a troll
     6 | D:1      | Noticed a spriggan
     8 | D:1      | Noticed a merfolk
     8 | D:1      | Noticed an octopode
    10 | D:1      | Noticed a human
    10 | D:1      | Noticed a demigod
    12 | D:1      | Noticed a gargoyle
    14 | D:1      | Noticed a draconian
    14 | D:1      | Noticed a barachi
    16 | D:1      | Noticed an elf
    18 | D:1      | Noticed an oni
    18 | D:1      | Noticed a demonspawn
    20 | D:1      | Noticed a naga
    20 | D:1      | Noticed a minotaur
    22 | D:1      | Noticed a ghoul
    22 | D:1      | Noticed a vine stalker
    24 | D:1      | Noticed a djinni
    24 | D:1      | Noticed a formicid
    26 | D:1      | Noticed a felid
   113 | D:1      | Reached XP level 2. HP: 16/16 MP: 4/4
   118 | D:1      | Reached skill level 6 in Ranged Weapons
   235 | D:1      | Reached XP level 3. HP: 17/20 MP: 5/5
   464 | D:1      | Reached skill level 7 in Ranged Weapons
   634 | D:1      | 634 ||| UPGRADING to +0 ring mail.
   644 | D:1      | 644 ||| DROPPING +0 leather armour.
   645 | D:1      | 645 ||| READING scroll labelled YCEDDUEDEVO.
   645 | D:1      | 645 ||| IDENTIFYING emerald potion
   646 | D:1      | 646 ||| DROPPING scroll of butterflies.
   683 | D:2      | 683 ||| RETREEEEATING.
   684 | D:2      | 684 ||| RETREEEEATING.
   685 | D:2      | 685 ||| RETREEEEATING.
   686 | D:2      | 686 ||| RETREEEEATING.
   687 | D:2      | 687 ||| RETREEEEATING.
   688 | D:2      | 688 ||| RETREEEEATING.
   689 | D:2      | 689 ||| RETREEEEATING.
   691 | D:2      | HP: 4/20 [gnoll/+0 flail of protection (5)]
   691 | D:2      | Slain by a gnoll

Levels and vault maps discovered:
D:1:      kb_arrival_jail, layout_basic
D:2:      layout_basic, minmay_statues_item, dk_noncrumbling_3,
          minmay_shallow_snake_nest, uniq_sigmund

Skill      XL: |  1  2  3 |
---------------+----------+-----
Ranged Weapons | 6 7 |  7.0
Fighting       | |  1.5
Dodging        | |  2.4
Stealth        | |  1.2

Action                     || total
---------------------------++-------
   Fire: Shortbow          ||    88
    Use: Scroll            ||     1
 Armour: Leather armour    ||    10
         Ring mail         ||     7
  Dodge: Dodged            ||    14

Table legend:
 A = Non-vault XP
 B = Vault XP
 C = Vault XP percentage of total XP
 D = Non-vault monster count
 E = Vault monster count
 F = Vault count percentage of total count
                 A         B        C        D         E       F
            +---------+---------+-------+---------+---------+-------
      Total |      67 |       0 |   0.0 |      29 |       0 |   0.0
            +---------+---------+-------+---------+---------+-------
        D:1 |      67 |       0 |   0.0 |      29 |       0 |   0.0
            +---------+---------+-------+---------+---------+-------
